Philadelphia Flyers vs Chicago Blackhawks

Created - jeudi 21 mars 2019 at 19:00

Goals
1 2 3 OT1 T
Philadelphia Flyers 2 0 0 1 3
Chicago Blackhawks 1 0 1 0 2
Shots
1 2 3 OT1 T
Philadelphia Flyers 14 4 5 1 24
Chicago Blackhawks 8 15 9 0 32

1st period

1. Philadelphia Flyers , Claude Giroux 34 (Jared Spurgeon 17) at 4:38
2. Philadelphia Flyers , Sean Couturier 29 (Jakub Voracek 29, Claude Giroux 49) at 15:09 (PP)
3. Chicago Blackhawks , Patrick Kane 29 (Henrik Sedin 27, Ryan Hartman 12) at 19:33

Penalties :
Jakub Voracek (PHI) for Tripping (Minor) at 9:44, Anthony Mantha (CHI) for Tripping (Minor) at 14:49

2nd period

No Goal

Penalties :
Jason Chimera (CHI) for Hooking (Minor) at 12:36, Wayne Simmonds (PHI) for Hooking (Minor) at 15:42

3rd period

4. Chicago Blackhawks , Nick Schmaltz 23 (Jonathan Toews 37) at 18:52

Penalties :
Marcus Kruger (CHI) for Hooking (Minor) at 1:05, Wayne Simmonds (PHI) for Tripping (Minor) at 6:28, Brenden Dillon (PHI) for Hooking (Minor) at 12:53, Ryan Hartman (CHI) for Tripping (Minor) at 19:38

Overtime #1

5. Philadelphia Flyers , Pavel Buchnevich 7 (Sean Couturier 38, Ivan Provorov 22) at 0:30 (PP)

Penalties :
No Penalty

Goalie Stats

Brian Elliott (PHI), 30 saves from 32 shots - (0.938), W, 4-6-0, 60:30 minutes
Corey Crawford (CHI), 21 saves from 24 shots - (0.875), OTL, 33-20-10, 60:22 minutes

Players Stats for Philadelphia Flyers

Player Name              G  A  P  +/- PIM S  H  SB GA TA FO     MP     PP MP  PK MP  
------------------------------------------------------------------------------------
Brandon Sutter           0  0  0   0  0   1  2  1  2  0  7/17   16:43   2:08   3:53 
Brenden Dillon           0  0  0  -1  2   0  0  3  0  1  0/0    16:25   0:00   0:16 
Brian Gibbons            0  0  0   0  0   1  1  0  0  1  0/0    14:02   0:00   3:38 
Brian Gionta             0  0  0   0  0   0  2  0  0  0  0/0    10:16   0:00   0:00 
Brooks Orpik             0  0  0  -1  0   0  0  1  0  1  0/0    16:03   0:00   0:00 
Claude Giroux            1  1  2   0  0   3  0  0  0  0  7/16   18:03   2:31   0:44 
Daniel Winnik            0  0  0   0  0   0  0  0  1  0  0/0    14:26   0:06   3:49 
Ivan Provorov            0  1  1   0  0   2  5  1  1  3  0/0    22:29   2:11   4:18 
Jakub Voracek            0  1  1   0  2   4  2  0  0  0  0/2    17:29   2:31   0:00 
Jared Spurgeon           0  1  1   0  0   1  3  2  0  0  0/0    21:58   2:28   3:38 
Jordan Weal              0  0  0   0  0   0  2  1  0  0  0/0    10:31   0:00   0:00 
Nolan Patrick            0  0  0   0  0   3  3  0  1  0  2/8    10:16   0:00   0:00 
Pavel Buchnevich         1  0  1  -1  0   3  0  0  0  0  0/0    12:05   0:00   0:00 
Ryan McDonagh            0  0  0   0  0   1  1  0  0  0  0/0    21:30   2:28   3:33 
Sean Couturier           1  1  2  -1  0   5  1  0  0  0  9/13   18:55   2:31   3:48 
Travis Konecny           0  0  0  -1  0   0  5  0  0  1  0/0    13:57   2:02   0:00 
Wayne Simmonds           0  0  0   0  4   0  1  0  0  1  0/2    16:18   2:08   0:00 
Zdeno Chara              0  0  0   0  0   0  3  1  0  0  0/0    22:34   2:11   4:07 

Players Stats for Chicago Blackhawks

Player Name              G  A  P  +/- PIM S  H  SB GA TA FO     MP     PP MP  PK MP  
------------------------------------------------------------------------------------
Alex DeBrincat           0  0  0   1  0   4  4  0  0  0  0/0    15:43   3:12   0:00 
Anthony Mantha           0  0  0  -1  2   3  3  0  1  0  0/0    18:09   4:28   2:01 
Blake Hillman            0  0  0   0  0   0  0  0  0  1  0/0    13:32   0:00   0:00 
Brent Seabrook           0  0  0   0  0   0  2  1  0  0  0/0    21:01   1:28   2:24 
Chris Kunitz             0  0  0   0  0   0  4  0  1  0  0/0    14:23   3:33   0:44 
David Kampf              0  0  0  -1  0   0  0  0  0  0  3/5     4:26   0:00   0:20 
Denis Malgin             0  0  0  -1  0   2  4  0  0  0  0/0    11:56   0:00   0:00 
Duncan Keith             0  0  0   1  0   1  1  0  1  0  0/0    24:53   4:23   2:45 
Henrik Sedin             0  1  1   1  0   3  2  0  0  0  4/10   17:56   4:28   1:24 
Jan Rutta                0  0  0   0  0   1  0  0  1  0  0/0    16:05   0:00   0:00 
Jason Chimera            0  0  0   0  2   0  2  0  0  0  0/0    11:44   0:16   0:18 
Jonathan Toews           0  1  1   1  0   2  3  1  0  0  16/21  18:46   3:28   0:31 
Marcus Kruger            0  0  0   0  2   2  0  0  1  0  6/11   13:42   0:00   2:20 
Nick Schmaltz            1  0  1   1  0   5  1  0  1  1  1/3    20:30   4:28   2:10 
Patrick Kane             1  0  1   1  0   6  1  0  1  1  3/8    19:46   3:28   0:00 
Ryan Hartman             0  1  1   1  2   0  3  0  0  0  0/0    12:19   0:00   0:00 
Seth Jones               0  0  0   1  0   3  2  1  1  1  0/0    25:57   6:28   2:45 
Toby Enstrom             0  0  0   0  0   0  0  0  0  1  0/0    15:59   0:00   2:24 

3 Stars

1 - Claude Giroux (PHI)
2 - Sean Couturier (PHI)
3 - Brian Elliott (PHI)

Power Play

Philadelphia Flyers - 2 on 4 Attempt(s) - 50.00%
Chicago Blackhawks - 0 on 4 Attempt(s) - 0.00%

Penalty Kill

Philadelphia Flyers - 4 on 4 Attempt(s) - 100.00% - Score 0 goal in Penalty Kill
Chicago Blackhawks - 2 on 4 Attempt(s) - 50.00% - Score 0 goal in Penalty Kill

Team Stat

Philadelphia Flyers - Hits : 31 - Faceoff Wins : 25 - Blocked Shots : 10 - Penalty Minutes : 8
Chicago Blackhawks - Hits : 32 - Faceoff Wins : 33 - Blocked Shots : 3 - Penalty Minutes : 8

Official

Referees : Steve Kozari and Francis Charron
Linesman : Pierre Racicot and Kory Nagy

Game Notes

David Kampf is injured at 0:47 of 2nd period (Fractured Right Foot)

Finance

Level 1 -- Attendance: 9950 (88.84%) -- Ticket Income fr. 786'050
Level 2 -- Attendance: 1858 (80.78%) -- Ticket Income fr. 118'912
Level 3 -- Attendance: 2791 (71.56%) -- Ticket Income fr. 94'894
Level 4 -- Attendance: 1456 (93.94%) -- Ticket Income fr. 27'664
Luxury Box -- Attendance: 45 (90.00%) -- Ticket Income fr. 8'955
Game was played at the United Center.
Total Attendance: 16100 (84.74%)
Total Ticket Income: fr. 1'036'475
Total Income: fr. 1'036'475

Philadelphia Flyers

5 vs 5 Forward 
   Center                   Left Wing                Right Wing               Time % Phy DF OF 
 1 Claude Giroux            Jakub Voracek            Wayne Simmonds           32     0   2  3  
 2 Sean Couturier           Travis Konecny           Pavel Buchnevich         27     0   2  3  
 3 Brandon Sutter           Daniel Winnik            Jordan Weal              21     0   4  1  
 4 Nolan Patrick            Brian Gibbons            Brian Gionta             20     0   4  1  

5 vs 5 Defense 
   Defense                  Defense                                           Time % Phy DF OF 
 1 Zdeno Chara              Ivan Provorov                                     33     1   3  1  
 2 Ryan McDonagh            Jared Spurgeon                                    33     1   3  1  
 3 Brooks Orpik             Brenden Dillon                                    33     1   4  0  
 4 Zdeno Chara              Jared Spurgeon                                    1      1   4  0  

PowerPlay Forward 
   Center                   Left Wing                Right Wing               Time % Phy DF OF 
 1 Sean Couturier           Claude Giroux            Jakub Voracek            50     0   0  5  
 2 Brandon Sutter           Travis Konecny           Wayne Simmonds           50     0   0  5  

PowerPlay Defense
   Defense                  Defense                                           Time % Phy DF OF 
 1 Zdeno Chara              Ivan Provorov                                     50     0   0  5  
 2 Ryan McDonagh            Jared Spurgeon                                    50     0   0  5  

Penalty Kill 4 Players Forward 
   Center                   Wing                     Time % Phy DF OF 
 1 Brandon Sutter           Daniel Winnik            50     0   5  0  
 2 Sean Couturier           Brian Gibbons            50     0   5  0  

Penalty Kill 4 Players Defense
   Defense                  Defense                  Time % Phy DF OF 
 1 Zdeno Chara              Ivan Provorov            50     0   5  0  
 2 Ryan McDonagh            Jared Spurgeon           50     0   5  0  

Penalty Kill - 3 Players Forward 
   Forward                                           Time % Phy DF OF 
 1 Brandon Sutter                                    50     0   5  0  
 2 Sean Couturier                                    50     0   5  0  

Penalty Kill - 3 Players Defense
   Defense                  Defense                  Time % Phy DF OF 
 1 Ivan Provorov            Zdeno Chara              50     0   5  0  
 2 Ryan McDonagh            Jared Spurgeon           50     0   5  0  

4 vs 4 Forward 
   Center                   Wing                     Time % Phy DF OF 
 1 Brandon Sutter           Jakub Voracek            50     0   2  3  
 2 Sean Couturier           Pavel Buchnevich         50     0   2  3  

4 vs 4 Defense
   Defense                  Defense                  Time % Phy DF OF 
 1 Zdeno Chara              Ivan Provorov            50     0   2  3  
 2 Ryan McDonagh            Jared Spurgeon           50     0   2  3  

Last Minutes Offensive
   Center                   Left Wing                Right Wing               Defense                  Defense                  
   Claude Giroux            Jakub Voracek            Wayne Simmonds           Ivan Provorov            Ryan McDonagh            

Last Minutes Defensive
   Center                   Left Wing                Right Wing               Defense                  Defense                  
   Sean Couturier           Brian Gibbons            Brandon Sutter           Jared Spurgeon           Zdeno Chara              

Goaltenders
Starting : Brian Elliott            
Backup : Henrik Lundqvist         

Extra Forwards
Normal : Claude Giroux, Sean Couturier, Brandon Sutter - PP : Claude Giroux, Jakub Voracek - PK : Brandon Sutter
Extra Defensemen
Normal : Zdeno Chara, Ivan Provorov, Ryan McDonagh - PP : Ivan Provorov - PK : Jared Spurgeon, Zdeno Chara
Penalty Shots
Claude Giroux, Jakub Voracek, Sean Couturier, Wayne Simmonds, Brandon Sutter
Custom OT Lines Forwards
Claude Giroux, Sean Couturier, Jakub Voracek, Nolan Patrick, Travis Konecny, Wayne Simmonds, Brandon Sutter, Pavel Buchnevich, Daniel Winnik, Brian Gibbons
Custom OT Lines Defensemen
Zdeno Chara, Jared Spurgeon, Ivan Provorov, Ryan McDonagh, Brooks Orpik

Scratches
None

Chicago Blackhawks

5 vs 5 Forward 
   Center                   Left Wing                Right Wing               Time % Phy DF OF 
 1 Jonathan Toews           Alex DeBrincat           Nick Schmaltz            32     0   2  3  
 2 Henrik Sedin             Ryan Hartman             Patrick Kane             28     0   0  5  
 3 David Kampf              Anthony Mantha           Denis Malgin             25     1   2  2  
 4 Marcus Kruger            Jason Chimera            Chris Kunitz             15     0   4  1  

5 vs 5 Defense 
   Defense                  Defense                                           Time % Phy DF OF 
 1 Duncan Keith             Seth Jones                                        35     0   1  4  
 2 Brent Seabrook           Jan Rutta                                         35     0   1  4  
 3 Blake Hillman            Toby Enstrom                                      20     1   4  0  
 4 Duncan Keith             Seth Jones                                        10     0   4  1  

PowerPlay Forward 
   Center                   Left Wing                Right Wing               Time % Phy DF OF 
 1 Jonathan Toews           Alex DeBrincat           Patrick Kane             50     0   0  5  
 2 Henrik Sedin             Nick Schmaltz            Anthony Mantha           50     0   0  5  

PowerPlay Defense
   Defense                  Defense                                           Time % Phy DF OF 
 1 Duncan Keith             Seth Jones                                        50     0   0  5  
 2 Chris Kunitz             Seth Jones                                        50     0   0  5  

Penalty Kill 4 Players Forward 
   Center                   Wing                     Time % Phy DF OF 
 1 Marcus Kruger            David Kampf              65     0   5  0  
 2 Nick Schmaltz            Jason Chimera            35     0   5  0  

Penalty Kill 4 Players Defense
   Defense                  Defense                  Time % Phy DF OF 
 1 Seth Jones               Duncan Keith             50     0   5  0  
 2 Brent Seabrook           Toby Enstrom             50     0   5  0  

Penalty Kill - 3 Players Forward 
   Forward                                           Time % Phy DF OF 
 1 Marcus Kruger                                     60     0   5  0  
 2 Nick Schmaltz                                     40     0   5  0  

Penalty Kill - 3 Players Defense
   Defense                  Defense                  Time % Phy DF OF 
 1 Seth Jones               Duncan Keith             50     0   5  0  
 2 Toby Enstrom             Brent Seabrook           50     0   5  0  

4 vs 4 Forward 
   Center                   Wing                     Time % Phy DF OF 
 1 Jonathan Toews           Ryan Hartman             50     1   2  2  
 2 David Kampf              Patrick Kane             50     1   2  2  

4 vs 4 Defense
   Defense                  Defense                  Time % Phy DF OF 
 1 Brent Seabrook           Duncan Keith             50     1   2  2  
 2 Toby Enstrom             Seth Jones               50     1   2  2  

Last Minutes Offensive
   Center                   Left Wing                Right Wing               Defense                  Defense                  
   Jonathan Toews           Ryan Hartman             Patrick Kane             Seth Jones               Duncan Keith             

Last Minutes Defensive
   Center                   Left Wing                Right Wing               Defense                  Defense                  
   Jonathan Toews           Nick Schmaltz            David Kampf              Seth Jones               Duncan Keith             

Goaltenders
Starting : Corey Crawford           
Backup : Antti Raanta             

Extra Forwards
Normal : Patrick Kane, Jonathan Toews, Nick Schmaltz - PP : Chris Kunitz, David Kampf - PK : Nick Schmaltz
Extra Defensemen
Normal : Seth Jones, Duncan Keith, Brent Seabrook - PP : Seth Jones - PK : Duncan Keith, Seth Jones
Penalty Shots
Patrick Kane, Jonathan Toews, Nick Schmaltz, Chris Kunitz, David Kampf
Custom OT Lines Forwards
Nick Schmaltz, Patrick Kane, Jonathan Toews, Chris Kunitz, David Kampf, Ryan Hartman, Jason Chimera, Marcus Kruger, Anthony Mantha, Alex DeBrincat
Custom OT Lines Defensemen
Seth Jones, Duncan Keith, Brent Seabrook, Toby Enstrom, Jan Rutta

Scratches
Scott Mayfield (Bruised Left Shoulder Injury)

% Time on Ice - Philadelphia Flyers

Lines # - Real PCT - Wanted PCT - Time Play
Normal Forward
1 - 30% - 32% - 14:24
2 - 26% - 27% - 12:14
3 - 22% - 21% - 10:31
4 - 22% - 20% - 10:16
Normal Defense
1 - 33% - 33% - 15:44
2 - 33% - 33% - 15:37
3 - 33% - 33% - 15:49
4 - 1% - 1% - 0:15
PP Forward
1 - 54% - 50% - 2:31
2 - 46% - 50% - 2:08
PP Defense
1 - 47% - 50% - 2:11
2 - 53% - 50% - 2:28
PK Forward
1 - 50% - 50% - 3:57
2 - 50% - 50% - 3:59
PK Defense
1 - 54% - 50% - 4:18
2 - 46% - 50% - 3:38
PK3 Forward
1 - 0% - 50%
2 - 0% - 50%
PK3 Defense
1 - 0% - 50%
2 - 0% - 50%
44 Forward
1 - 67% - 50% - 0:20
2 - 33% - 50% - 0:10
44 Defense
1 - 100% - 50% - 0:30
2 - 0% - 50% - 0:00
Last Minute Offensive  - 0:00
Last Minute Defensive  - 0:00
Total
Forward - 60:30
Defense - 60:30

% Time on Ice - Chicago Blackhawks

Lines # - Real PCT - Wanted PCT - Time Play
Normal Forward
1 - 28% - 32% - 13:08
2 - 27% - 28% - 12:56
3 - 25% - 25% - 11:56
4 - 20% - 15% - 9:25
Normal Defense
1 - 32% - 35% - 15:17
2 - 37% - 35% - 17:29
3 - 27% - 20% - 12:43
4 - 4% - 10% - 1:56
PP Forward
1 - 44% - 50% - 3:28
2 - 56% - 50% - 4:28
PP Defense
1 - 55% - 50% - 4:23
2 - 45% - 50% - 3:33
PK Forward
1 - 100% - 65% - 4:39
2 - 0% - 35% - 0:00
PK Defense
1 - 48% - 50% - 2:15
2 - 52% - 50% - 2:24
PK3 Forward
1 - 100% - 60% - 0:30
2 - 0% - 40% - 0:00
PK3 Defense
1 - 100% - 50% - 0:30
2 - 0% - 50% - 0:00
44 Forward
1 - 0% - 50%
2 - 0% - 50%
44 Defense
1 - 0% - 50%
2 - 0% - 50%
Last Minute Offensive  - 0:00
Last Minute Defensive  - 0:00
Total
Forward - 60:30
Defense - 60:30

Play-by-Play

1st period


0:01 of 1st period - Claude Giroux wins face-off versus Jonathan Toews in neutral zone.
0:14 of 1st period - Wrist shot by Claude Giroux.
0:14 of 1st period - Shot Blocked by Jonathan Toews.
0:50 of 1st period - Denis Malgin is hit by Zdeno Chara and loses puck.
1:05 of 1st period - Brian Gionta is hit by Jason Chimera and loses puck.
1:24 of 1st period - Wayne Simmonds is hit by Jonathan Toews and loses puck.
1:50 of 1st period - Brenden Dillon is hit by Brent Seabrook and loses puck.
2:25 of 1st period - Nolan Patrick is hit by Seth Jones and loses puck.
2:32 of 1st period - Seth Jones is hit by Brian Gionta and loses puck.
2:47 of 1st period - Seth Jones is hit by Zdeno Chara and loses puck.
3:22 of 1st period - Brenden Dillon is hit by Anthony Mantha and loses puck.
3:57 of 1st period - Wrist shot by Jakub Voracek.
3:57 of 1st period - Stopped by Corey Crawford with a rebound.
4:00 of 1st period - Icing by Jonathan Toews.
4:01 of 1st period - Jonathan Toews wins face-off versus Claude Giroux in Chicago Blackhawks zone.
4:06 of 1st period - Wrist shot by Jonathan Toews.
4:06 of 1st period - Deflect By Alex DeBrincat.
4:06 of 1st period - Stopped by Brian Elliott without a rebound.
4:07 of 1st period - Nolan Patrick wins face-off versus Henrik Sedin in Philadelphia Flyers zone.
4:38 of 1st period - Snap shot by Claude Giroux.
4:38 of 1st period - Goal by Claude Giroux - Philadelphia Flyers : 1 - Chicago Blackhawks : 0.
4:39 of 1st period - Brandon Sutter wins face-off versus Jonathan Toews in neutral zone.
5:11 of 1st period - Wrist shot by Patrick Kane.
5:11 of 1st period - Shot Misses the Net.
5:35 of 1st period - Snap shot by Chris Kunitz.
5:35 of 1st period - Shot Misses the Net.
5:45 of 1st period - Toby Enstrom is hit by Travis Konecny and loses puck.
5:57 of 1st period - Denis Malgin is hit by Travis Konecny and loses puck.
6:23 of 1st period - Icing by Alex DeBrincat.
6:24 of 1st period - Jonathan Toews wins face-off versus Brandon Sutter in Chicago Blackhawks zone.
6:33 of 1st period - Ryan McDonagh is hit by Ryan Hartman and loses puck.
6:55 of 1st period - Wrist shot by Pavel Buchnevich.
6:55 of 1st period - Stopped by Corey Crawford without a rebound.
6:56 of 1st period - Jonathan Toews wins face-off versus Nolan Patrick in Chicago Blackhawks zone.
8:00 of 1st period - Brent Seabrook is hit by Jordan Weal and loses puck.
8:42 of 1st period - Ryan Hartman is hit by Zdeno Chara and loses puck.
9:03 of 1st period - Wrist shot by Pavel Buchnevich.
9:03 of 1st period - Deflect By Denis Malgin.
9:03 of 1st period - Shot Misses the Net.
9:03 of 1st period - Puck is out of play.
9:04 of 1st period - Jonathan Toews wins face-off versus Brandon Sutter in Chicago Blackhawks zone.
9:18 of 1st period - Ryan McDonagh is hit by Jonathan Toews and loses puck.
9:35 of 1st period - Wrist shot by Patrick Kane.
9:35 of 1st period - Shot Blocked by Zdeno Chara.
9:37 of 1st period - Slapshot by Seth Jones.
9:37 of 1st period - Stopped by Brian Elliott without a rebound.
9:38 of 1st period - David Kampf wins face-off versus Wayne Simmonds in Philadelphia Flyers zone.
9:44 of 1st period - Minor Penalty to Jakub Voracek for Tripping.
9:45 of 1st period - Jonathan Toews wins face-off versus Brandon Sutter in Philadelphia Flyers zone.
10:20 of 1st period - Brian Gibbons is hit by Chris Kunitz and loses puck.
10:44 of 1st period - Icing by Henrik Sedin.
10:45 of 1st period - Brandon Sutter wins face-off versus Henrik Sedin in Chicago Blackhawks zone.
10:46 of 1st period - Snap shot by Jared Spurgeon.
10:46 of 1st period - Stopped by Corey Crawford without a rebound.
10:47 of 1st period - Brandon Sutter wins face-off versus Henrik Sedin in Chicago Blackhawks zone.
11:04 of 1st period - Seth Jones is hit by Jared Spurgeon and loses puck.
11:32 of 1st period - Wrist shot by Anthony Mantha.
11:32 of 1st period - Stopped by Brian Elliott with a rebound.
11:44 of 1st period - Penalty to Jakub Voracek is over, Jakub Voracek is back on ice.
11:56 of 1st period - Wrist shot by Nick Schmaltz.
11:56 of 1st period - Stopped by Brian Elliott with a rebound.
11:58 of 1st period - Wrist shot by Seth Jones.
11:58 of 1st period - Stopped by Brian Elliott without a rebound.
11:59 of 1st period - Marcus Kruger wins face-off versus Claude Giroux in Philadelphia Flyers zone.
13:04 of 1st period - Jared Spurgeon is hit by Ryan Hartman and loses puck.
14:02 of 1st period - Snap shot by Ivan Provorov.
14:02 of 1st period - Stopped by Corey Crawford with a rebound.
14:04 of 1st period - Snap shot by Nolan Patrick.
14:04 of 1st period - Stopped by Corey Crawford without a rebound.
14:05 of 1st period - Nolan Patrick wins face-off versus Marcus Kruger in Chicago Blackhawks zone.
14:10 of 1st period - Slapshot by Nolan Patrick.
14:10 of 1st period - Stopped by Corey Crawford with a rebound.
14:12 of 1st period - Snap shot by Ivan Provorov.
14:12 of 1st period - Stopped by Corey Crawford without a rebound.
14:13 of 1st period - Jonathan Toews wins face-off versus Claude Giroux in Chicago Blackhawks zone.
14:38 of 1st period - Duncan Keith is hit by Ivan Provorov and loses puck.
14:43 of 1st period - Snap shot by Nolan Patrick.
14:43 of 1st period - Stopped by Corey Crawford with a rebound.
14:45 of 1st period - Slapshot by Ryan McDonagh.
14:45 of 1st period - Stopped by Corey Crawford without a rebound.
14:46 of 1st period - Sean Couturier wins face-off versus David Kampf in Chicago Blackhawks zone.
14:47 of 1st period - Slapshot by Pavel Buchnevich.
14:47 of 1st period - Stopped by Corey Crawford with a rebound.
14:49 of 1st period - Minor Penalty to Anthony Mantha for Tripping.
14:50 of 1st period - Sean Couturier wins face-off versus David Kampf in Chicago Blackhawks zone.
14:59 of 1st period - Slapshot by Sean Couturier.
14:59 of 1st period - Stopped by Corey Crawford without a rebound.
15:00 of 1st period - Sean Couturier wins face-off versus Marcus Kruger in Chicago Blackhawks zone.
15:07 of 1st period - Slapshot by Jakub Voracek.
15:07 of 1st period - Shot Misses the Net.
15:09 of 1st period - Snap shot by Sean Couturier.
15:09 of 1st period - Goal by Sean Couturier - Philadelphia Flyers : 2 - Chicago Blackhawks : 0.
15:10 of 1st period - Patrick Kane wins face-off versus Claude Giroux in neutral zone.
15:19 of 1st period - Wrist shot by Henrik Sedin.
15:19 of 1st period - Shot Misses the Net.
15:22 of 1st period - Icing by Brooks Orpik.
15:23 of 1st period - David Kampf wins face-off versus Wayne Simmonds in Philadelphia Flyers zone.
15:54 of 1st period - Off-side.
15:55 of 1st period - Sean Couturier wins face-off versus Henrik Sedin in neutral zone.
16:29 of 1st period - Snap shot by Henrik Sedin.
16:29 of 1st period - Stopped by Brian Elliott with a rebound.
16:49 of 1st period - Snap shot by Sean Couturier.
16:49 of 1st period - Stopped by Corey Crawford without a rebound.
16:50 of 1st period - Brandon Sutter wins face-off versus Jonathan Toews in Chicago Blackhawks zone.
16:51 of 1st period - Snap shot by Daniel Winnik.
16:51 of 1st period - Shot Misses the Net.
17:38 of 1st period - Wayne Simmonds is hit by Chris Kunitz and loses puck.
18:33 of 1st period - Wrist shot by Sean Couturier.
18:33 of 1st period - Shot Blocked by Brent Seabrook.
19:03 of 1st period - Snap shot by Patrick Kane.
19:03 of 1st period - Shot Misses the Net.
19:27 of 1st period - Slapshot by Patrick Kane.
19:27 of 1st period - Shot Blocked by Jared Spurgeon.
19:29 of 1st period - Snap shot by Henrik Sedin.
19:29 of 1st period - Stopped by Brian Elliott with a rebound.
19:31 of 1st period - Slapshot by Patrick Kane.
19:31 of 1st period - Shot Misses the Net.
19:33 of 1st period - Snap shot by Patrick Kane.
19:33 of 1st period - Goal by Patrick Kane - Philadelphia Flyers : 2 - Chicago Blackhawks : 1.
19:34 of 1st period - Jonathan Toews wins face-off versus Sean Couturier in neutral zone.
Goals for this period are 2 for Philadelphia Flyers vs 1 for Chicago Blackhawks.
Shots for this period are 14 for Philadelphia Flyers vs 8 for Chicago Blackhawks.

2nd period


0:01 of 2nd period - Jonathan Toews wins face-off versus Brandon Sutter in neutral zone.
0:04 of 2nd period - Snap shot by Nick Schmaltz.
0:04 of 2nd period - Shot Blocked by Brenden Dillon.
0:06 of 2nd period - Slapshot by Seth Jones.
0:06 of 2nd period - Stopped by Brian Elliott with a rebound.
0:08 of 2nd period - Slapshot by Alex DeBrincat.
0:08 of 2nd period - Shot Blocked by Brenden Dillon.
0:10 of 2nd period - Wrist shot by Alex DeBrincat.
0:10 of 2nd period - Shot Blocked by Brandon Sutter.
0:12 of 2nd period - Slapshot by Duncan Keith.
0:12 of 2nd period - Shot Misses the Net.
0:14 of 2nd period - Snap shot by Jonathan Toews.
0:14 of 2nd period - Shot Hit the Post.
0:16 of 2nd period - Wrist shot by Alex DeBrincat.
0:16 of 2nd period - Shot Misses the Net.
0:26 of 2nd period - Brandon Sutter is hit by Chris Kunitz and loses puck.
0:45 of 2nd period - Backhand shot by Anthony Mantha.
0:45 of 2nd period - Stopped by Brian Elliott without a rebound.
0:46 of 2nd period - David Kampf wins face-off versus Nolan Patrick in Philadelphia Flyers zone.
0:46 of 2nd period - David Kampf is hit by Ivan Provorov.
0:47 of 2nd period - David Kampf from Chicago Blackhawks is injured at 0:47 of 2nd period (Fractured Right Foot).
0:48 of 2nd period - Jonathan Toews wins face-off versus Nolan Patrick in Philadelphia Flyers zone.
1:18 of 2nd period - Jared Spurgeon is hit by Anthony Mantha and loses puck.
1:57 of 2nd period - Snap shot by Jonathan Toews.
1:57 of 2nd period - Stopped by Brian Elliott with a rebound.
2:07 of 2nd period - Jonathan Toews is hit by Brandon Sutter and loses puck.
2:20 of 2nd period - Slapshot by Patrick Kane.
2:20 of 2nd period - Stopped by Brian Elliott with a rebound.
2:22 of 2nd period - Slapshot by Jan Rutta.
2:22 of 2nd period - Stopped by Brian Elliott with a rebound.
2:24 of 2nd period - Snap shot by Ryan Hartman.
2:24 of 2nd period - Shot Blocked by Brooks Orpik.
2:56 of 2nd period - Jason Chimera is hit by Jakub Voracek.
3:50 of 2nd period - Off-side.
3:51 of 2nd period - Marcus Kruger wins face-off versus Claude Giroux in neutral zone.
3:54 of 2nd period - Snap shot by Jason Chimera.
3:54 of 2nd period - Shot Misses the Net.
3:56 of 2nd period - Snap shot by Marcus Kruger.
3:56 of 2nd period - Stopped by Brian Elliott with a rebound.
3:58 of 2nd period - Wrist shot by Marcus Kruger.
3:58 of 2nd period - Stopped by Brian Elliott without a rebound.
3:59 of 2nd period - Sean Couturier wins face-off versus Nick Schmaltz in Philadelphia Flyers zone.
4:06 of 2nd period - Snap shot by Sean Couturier.
4:06 of 2nd period - Stopped by Corey Crawford without a rebound.
4:07 of 2nd period - Sean Couturier wins face-off versus Jonathan Toews in Chicago Blackhawks zone.
4:42 of 2nd period - Snap shot by Jonathan Toews.
4:42 of 2nd period - Shot Misses the Net.
4:44 of 2nd period - Snap shot by Alex DeBrincat.
4:44 of 2nd period - Stopped by Brian Elliott without a rebound.
4:45 of 2nd period - Patrick Kane wins face-off versus Claude Giroux in Philadelphia Flyers zone.
4:46 of 2nd period - Wrist shot by Denis Malgin.
4:46 of 2nd period - Stopped by Brian Elliott without a rebound.
4:47 of 2nd period - Claude Giroux wins face-off versus Patrick Kane in Philadelphia Flyers zone.
4:47 of 2nd period - Claude Giroux is hit by Anthony Mantha.
4:59 of 2nd period - Denis Malgin is hit by Wayne Simmonds and loses puck.
5:12 of 2nd period - Seth Jones is hit by Brian Gibbons and loses puck.
5:21 of 2nd period - Slapshot by Jason Chimera.
5:21 of 2nd period - Shot Blocked by Jared Spurgeon.
5:33 of 2nd period - Wrist shot by Jonathan Toews.
5:33 of 2nd period - Stopped by Brian Elliott with a rebound.
6:27 of 2nd period - Slapshot by Brian Gibbons.
6:27 of 2nd period - Stopped by Corey Crawford without a rebound.
6:28 of 2nd period - Henrik Sedin wins face-off versus Nolan Patrick in Chicago Blackhawks zone.
6:35 of 2nd period - Slapshot by Patrick Kane.
6:35 of 2nd period - Shot Misses the Net.
6:37 of 2nd period - Snap shot by Patrick Kane.
6:37 of 2nd period - Deflect By Brian Gionta.
6:37 of 2nd period - Stopped by Brian Elliott with a rebound.
6:39 of 2nd period - Wrist shot by Patrick Kane.
6:39 of 2nd period - Shot Misses the Net.
6:41 of 2nd period - Slapshot by Patrick Kane.
6:41 of 2nd period - Stopped by Brian Elliott without a rebound.
6:42 of 2nd period - Claude Giroux wins face-off versus Patrick Kane in Philadelphia Flyers zone.
6:42 of 2nd period - Claude Giroux is hit by Denis Malgin.
7:07 of 2nd period - Alex DeBrincat is hit by Travis Konecny.
7:37 of 2nd period - Daniel Winnik is hit by Jason Chimera and loses puck.
8:06 of 2nd period - Brooks Orpik is hit by Jonathan Toews and loses puck.
8:27 of 2nd period - Anthony Mantha is hit by Jared Spurgeon and loses puck.
8:54 of 2nd period - Slapshot by Brandon Sutter.
8:54 of 2nd period - Stopped by Corey Crawford without a rebound.
8:55 of 2nd period - Henrik Sedin wins face-off versus Claude Giroux in Chicago Blackhawks zone.
9:09 of 2nd period - Snap shot by Henrik Sedin.
9:09 of 2nd period - Stopped by Brian Elliott without a rebound.
9:10 of 2nd period - Jonathan Toews wins face-off versus Nolan Patrick in Philadelphia Flyers zone.
9:11 of 2nd period - Wrist shot by Alex DeBrincat.
9:11 of 2nd period - Stopped by Brian Elliott with a rebound.
9:21 of 2nd period - Snap shot by Nick Schmaltz.
9:21 of 2nd period - Stopped by Brian Elliott without a rebound.
9:22 of 2nd period - Henrik Sedin wins face-off versus Claude Giroux in Philadelphia Flyers zone.
9:49 of 2nd period - Alex DeBrincat is hit by Ivan Provorov.
10:01 of 2nd period - Brent Seabrook is hit by Sean Couturier and loses puck.
10:12 of 2nd period - Brooks Orpik is hit by Patrick Kane.
10:32 of 2nd period - Toby Enstrom is hit by Brandon Sutter and loses puck.
11:41 of 2nd period - Nolan Patrick is hit by Seth Jones.
12:36 of 2nd period - Minor Penalty to Jason Chimera for Hooking.
12:37 of 2nd period - Marcus Kruger wins face-off versus Brandon Sutter in Chicago Blackhawks zone.
12:37 of 2nd period - Marcus Kruger is hit by Jared Spurgeon.
13:44 of 2nd period - Icing by Wayne Simmonds.
13:45 of 2nd period - Marcus Kruger wins face-off versus Brandon Sutter in Philadelphia Flyers zone.
14:25 of 2nd period - Icing by Jared Spurgeon.
14:26 of 2nd period - Nick Schmaltz wins face-off versus Brandon Sutter in Philadelphia Flyers zone.
14:36 of 2nd period - Penalty to Jason Chimera is over, Jason Chimera is back on ice.
14:47 of 2nd period - Slapshot by Sean Couturier.
14:47 of 2nd period - Stopped by Corey Crawford with a rebound.
15:25 of 2nd period - Slapshot by Patrick Kane.
15:25 of 2nd period - Deflect By Henrik Sedin.
15:25 of 2nd period - Shot Blocked by Brenden Dillon.
15:25 of 2nd period - Puck is out of play.
15:26 of 2nd period - Claude Giroux wins face-off versus Patrick Kane in Philadelphia Flyers zone.
15:42 of 2nd period - Minor Penalty to Wayne Simmonds for Hooking.
15:43 of 2nd period - Jonathan Toews wins face-off versus Sean Couturier in Philadelphia Flyers zone.
16:08 of 2nd period - Ryan McDonagh is hit by Henrik Sedin and loses puck.
16:27 of 2nd period - Jared Spurgeon is hit by Alex DeBrincat and loses puck.
17:42 of 2nd period - Penalty to Wayne Simmonds is over, Wayne Simmonds is back on ice.
18:11 of 2nd period - Jan Rutta is hit by Nolan Patrick.
18:33 of 2nd period - Toby Enstrom is hit by Ryan McDonagh and loses puck.
19:33 of 2nd period - Anthony Mantha is hit by Ivan Provorov and loses puck.
Goals for this period are 0 for Philadelphia Flyers vs 0 for Chicago Blackhawks.
Shots for this period are 4 for Philadelphia Flyers vs 15 for Chicago Blackhawks.

3rd period


0:01 of 3rd period - Claude Giroux wins face-off versus Jonathan Toews in neutral zone.
0:01 of 3rd period - Claude Giroux is hit by Nick Schmaltz.
0:05 of 3rd period - Wrist shot by Claude Giroux.
0:05 of 3rd period - Stopped by Corey Crawford with a rebound.
0:27 of 3rd period - Sean Couturier is hit by Denis Malgin and loses puck.
0:38 of 3rd period - Slapshot by Patrick Kane.
0:38 of 3rd period - Stopped by Brian Elliott without a rebound.
0:39 of 3rd period - Brandon Sutter wins face-off versus Marcus Kruger in Philadelphia Flyers zone.
1:05 of 3rd period - Minor Penalty to Marcus Kruger for Hooking.
1:06 of 3rd period - Brandon Sutter wins face-off versus Nick Schmaltz in Chicago Blackhawks zone.
1:31 of 3rd period - Toby Enstrom is hit by Jakub Voracek and loses puck.
3:05 of 3rd period - Penalty to Marcus Kruger is over, Marcus Kruger is back on ice.
3:12 of 3rd period - Blake Hillman is hit by Brian Gionta and loses puck.
3:43 of 3rd period - Jason Chimera is hit by Travis Konecny and loses puck.
4:14 of 3rd period - Claude Giroux is hit by Duncan Keith and loses puck.
4:53 of 3rd period - Toby Enstrom is hit by Nolan Patrick and loses puck.
5:31 of 3rd period - Jared Spurgeon is hit by Alex DeBrincat and loses puck.
5:39 of 3rd period - Icing by Ryan McDonagh.
5:40 of 3rd period - Sean Couturier wins face-off versus Henrik Sedin in Philadelphia Flyers zone.
6:05 of 3rd period - Wrist shot by Brandon Sutter.
6:05 of 3rd period - Deflect By Daniel Winnik.
6:05 of 3rd period - Shot Misses the Net.
6:05 of 3rd period - Puck is out of play.
6:06 of 3rd period - Patrick Kane wins face-off versus Claude Giroux in Chicago Blackhawks zone.
6:28 of 3rd period - Minor Penalty to Wayne Simmonds for Tripping.
6:29 of 3rd period - Jonathan Toews wins face-off versus Brandon Sutter in Philadelphia Flyers zone.
7:11 of 3rd period - Ryan McDonagh is hit by Henrik Sedin and loses puck.
8:28 of 3rd period - Penalty to Wayne Simmonds is over, Wayne Simmonds is back on ice.
8:35 of 3rd period - Off-side.
8:36 of 3rd period - Claude Giroux wins face-off versus Marcus Kruger in neutral zone.
8:45 of 3rd period - Snap shot by Jakub Voracek.
8:45 of 3rd period - Stopped by Corey Crawford without a rebound.
8:46 of 3rd period - Marcus Kruger wins face-off versus Nolan Patrick in Chicago Blackhawks zone.
9:09 of 3rd period - Brian Gibbons is hit by Brent Seabrook and loses puck.
9:20 of 3rd period - Slapshot by Denis Malgin.
9:20 of 3rd period - Stopped by Brian Elliott with a rebound.
9:32 of 3rd period - Wayne Simmonds is hit by Alex DeBrincat and loses puck.
10:16 of 3rd period - Jason Chimera is hit by Ivan Provorov and loses puck.
10:23 of 3rd period - Pavel Buchnevich is hit by Chris Kunitz and loses puck.
10:36 of 3rd period - Snap shot by Alex DeBrincat.
10:36 of 3rd period - Stopped by Brian Elliott with a rebound.
10:38 of 3rd period - Snap shot by Jonathan Toews.
10:38 of 3rd period - Shot Misses the Net.
10:40 of 3rd period - Snap shot by Jonathan Toews.
10:40 of 3rd period - Shot Misses the Net.
10:54 of 3rd period - Ivan Provorov is hit by Denis Malgin and loses puck.
11:48 of 3rd period - Blake Hillman is hit by Jordan Weal and loses puck.
11:55 of 3rd period - Wrist shot by Jonathan Toews.
11:55 of 3rd period - Shot Blocked by Jordan Weal.
12:05 of 3rd period - Wayne Simmonds is hit by Denis Malgin and loses puck.
12:36 of 3rd period - Jordan Weal is hit by Ryan Hartman and loses puck.
12:53 of 3rd period - Minor Penalty to Brenden Dillon for Hooking.
12:54 of 3rd period - Jonathan Toews wins face-off versus Brandon Sutter in Philadelphia Flyers zone.
13:10 of 3rd period - Wrist shot by Patrick Kane.
13:10 of 3rd period - Stopped by Brian Elliott without a rebound.
13:11 of 3rd period - Henrik Sedin wins face-off versus Sean Couturier in Philadelphia Flyers zone.
13:14 of 3rd period - Backhand shot by Nick Schmaltz.
13:14 of 3rd period - Shot Blocked by Ivan Provorov.
13:16 of 3rd period - Snap shot by Anthony Mantha.
13:16 of 3rd period - Stopped by Brian Elliott without a rebound.
13:17 of 3rd period - Sean Couturier wins face-off versus Henrik Sedin in Philadelphia Flyers zone.
13:28 of 3rd period - Slapshot by Zdeno Chara.
13:28 of 3rd period - Shot Blocked by Seth Jones.
13:58 of 3rd period - Snap shot by Nick Schmaltz.
13:58 of 3rd period - Stopped by Brian Elliott with a rebound.
14:00 of 3rd period - Snap shot by Anthony Mantha.
14:00 of 3rd period - Shot Misses the Net.
14:02 of 3rd period - Slapshot by Duncan Keith.
14:02 of 3rd period - Stopped by Brian Elliott with a rebound.
14:06 of 3rd period - Snap shot by Nick Schmaltz.
14:06 of 3rd period - Stopped by Brian Elliott without a rebound.
14:07 of 3rd period - Jonathan Toews wins face-off versus Brandon Sutter in Philadelphia Flyers zone.
14:18 of 3rd period - Zdeno Chara is hit by Alex DeBrincat.
14:53 of 3rd period - Penalty to Brenden Dillon is over, Brenden Dillon is back on ice.
15:34 of 3rd period - Anthony Mantha is hit by Nolan Patrick and loses puck.
16:25 of 3rd period - Ryan Hartman is hit by Travis Konecny and loses puck.
17:00 of 3rd period - Snap shot by Jakub Voracek.
17:00 of 3rd period - Stopped by Corey Crawford with a rebound.
17:02 of 3rd period - Snap shot by Jakub Voracek.
17:02 of 3rd period - Stopped by Corey Crawford without a rebound.
17:03 of 3rd period - Jonathan Toews wins face-off versus Jakub Voracek in Chicago Blackhawks zone.
17:54 of 3rd period - Snap shot by Claude Giroux.
17:54 of 3rd period - Stopped by Corey Crawford without a rebound.
17:55 of 3rd period - Claude Giroux wins face-off versus Patrick Kane in Chicago Blackhawks zone.
18:23 of 3rd period - Slapshot by Jason Chimera.
18:23 of 3rd period - Shot Misses the Net.
18:42 of 3rd period - Icing by Nolan Patrick.
18:43 of 3rd period - Jonathan Toews wins face-off versus Sean Couturier in Philadelphia Flyers zone.
18:44 of 3rd period - Chicago Blackhawks, Corey Crawford is pulled from the net.
18:52 of 3rd period - Snap shot by Nick Schmaltz.
18:52 of 3rd period - Goal by Nick Schmaltz - Philadelphia Flyers : 2 - Chicago Blackhawks : 2.
18:52 of 3rd period - Corey Crawford from Chicago Blackhawks was sent back in the game.
18:53 of 3rd period - Brandon Sutter wins face-off versus Patrick Kane in neutral zone.
19:21 of 3rd period - Wrist shot by Patrick Kane.
19:21 of 3rd period - Shot Misses the Net.
19:38 of 3rd period - Minor Penalty to Ryan Hartman for Tripping.
19:39 of 3rd period - Sean Couturier wins face-off versus Marcus Kruger in Chicago Blackhawks zone.
Goals for this period are 0 for Philadelphia Flyers vs 1 for Chicago Blackhawks.
Shots for this period are 5 for Philadelphia Flyers vs 9 for Chicago Blackhawks.

Overtime #1


0:01 of 1st overtime period - Marcus Kruger wins face-off versus Jakub Voracek in neutral zone.
0:30 of 1st overtime period - Snap shot by Pavel Buchnevich.
0:30 of 1st overtime period - Goal by Pavel Buchnevich - Philadelphia Flyers : 3 - Chicago Blackhawks : 2.
Goals for this period are 1 for Philadelphia Flyers vs 0 for Chicago Blackhawks.
Shots for this period are 1 for Philadelphia Flyers vs 0 for Chicago Blackhawks.